 Dungeon Crawl Stone Soup version 0.17-a0-1718-g72dbe4d (webtiles) character file.

25 Keorg the Conjurer (level 2, 0/17 HPs)
             Began as a High Elf Conjurer on Aug 25, 2015.
             Slain by Terence
             ... wielding a +3 trident of venom
              (7 damage)
             ... on level 2 of the Dungeon.
             The game lasted 00:07:20 (1118 turns).

Keorg the Conjurer (High Elf Conjurer)              Turns: 1118, Time: 00:07:20

Health: 0/17       AC:  3    Str:  7    XL:     2   Next: 82%
Magic:  2/6        EV: 12    Int: 18    God:
Gold:   62         SH:  0    Dex: 15    Spells: 1 memorised, 5 levels left

rFire  . . .     SeeInvis .     i - +2 mace (holy)
rCold  + . .     Clarity  .     m - +0 leather armour
rNeg   . . .     SustAt   .     (no shield)
rPois  .         Gourm    .     (no helmet)
rElec  .         Spirit   .     (no cloak)
rCorr  .         Warding  .     (no gloves)
rMut   .         Stasis   .     (no boots)
MR     .....                    (no amulet)
Stlth  ++........               (no ring)
                                h - ring of protection from cold

@: lethally poisoned (0 -> -8), not resistant to hostile enchantments,
unstealthy
A: no striking features
a: no special abilities


You were on level 2 of the Dungeon.
You were hungry.

You visited 1 branch of the dungeon, and saw 2 of its levels.

You collected 62 gold pieces.

Inventory:

Hand weapons
 d - a +0 club
 i - a +2 mace of holy wrath (weapon)
 j - a +0 club
 o - a +0 dagger
Missiles
 e - 40 arrows
 f - 41 stones (quivered)
 g - 5 tomahawks
 k - 10 poisoned needles
 q - 24 sling bullets
Armour
 a - a +0 robe
 m - a +0 leather armour (worn)
Jewellery
 h - a ring of protection from cold (left hand)
Potions
 l - a potion of invisibility
 n - a potion of beneficial mutation {unknown}
Books
 b - a book of Conjurations

   Spells                             Type                      Level
   a - Magic Dart                     Conjuration                  1
   b - Searing Ray                    Conjuration                  2
   c - Dazzling Spray                 Conjuration/Hexes            3
   d - Fulminant Prism                Conjuration/Hexes            4
   e - Iskenderun's Mystic Blast      Conjuration                  4
   f - Iskenderun's Battlesphere      Conjuration/Charms           5
Comestibles
 c - a bread ration
 p - a beef jerky


   Skills:
 + Level 0.2 Maces & Flails
 + Level 2.3 Dodging
 + Level 2.5 Stealth
 + Level 2.8 Spellcasting
 + Level 4.8 Conjurations


You had 5 spell levels left.
You knew the following spells:

 Your Spells              Type           Power        Failure   Level  Hunger
a - Magic Dart            Conj           ###.         3%          1    None


Dungeon Overview and Level Annotations

Branches:
Dungeon (2/15)

Altars:

Annotations:
D:2 Terence


Message History

Terence hits you but does no damage.
You are poisoned.
Casting: Magic Dart
Confirm with . or Enter, or press ? or * to list all spells.
Aiming: Magic Dart
Press: ? - help, Shift-Dir - straight line, f/p - Terence
Aim: Terence, wielding a trident of venom and wearing a ring mail (lightly wounded)
The magic dart hits Terence.
Terence is lightly wounded.
You feel sick. Terence misses you.
Casting: Magic Dart
Confirm with . or Enter, or press ? or * to list all spells.
Aiming: Magic Dart
Press: ? - help, Shift-Dir - straight line, f/p - Terence
Aim: Terence, wielding a trident of venom and wearing a ring mail (lightly wounded)
The magic dart hits Terence.
Terence is lightly wounded.
You feel sick.
Terence hits you from afar with a trident of venom!
You die...

#.#.######.......##
#......##.........#
#.......'.........+
#....#.##.........#
#.#.##.###.......##
#....#.# ##.....##
#.##.#.# ##...##
#.##.#.# ##'##
#.##.#.# #@# ....#
#.# ... #@# #.##
#....# #.# #.....<#
#........
..........#
##..........
##.....##.#


You could see Terence.

Vanquished Creatures
  A ball python (D:1)
  A bat (D:1)
  2 giant cockroaches (D:1)
  4 goblins (D:1)
  3 hobgoblins (D:1)
  4 kobolds
  9 rats (D:1)
24 creatures vanquished.

Notes
Turn   | Place    | Note
--------------------------------------------------------------
     0 | D:1      | Keorg the High Elf Conjurer began the quest for the Orb.
     0 | D:1      | Reached XP level 1. HP: 11/11 MP: 4/4
   228 | D:1      | Reached XP level 2. HP: 13/17 MP: 6/6
  1016 | D:2      | Found a faded altar to an unknown god.
  1111 | D:2      | Noticed Terence
  1118 | D:2      | Slain by Terence

Vault maps used:
D:1:      lightli_arrival_lavapool, minmay_rat_gold_closets
D:2:      ecumenical_altar_2, uniq_terence

Action                   || total
-------------------------++-------
Melee: Mace              ||    36
       Club              ||     3
Throw: Stone             ||     2
 Cast: Magic Dart        ||    15
  Use: Scroll            ||     4
 Stab: Sleeping          ||     6
